 Dungeon Crawl Stone Soup version 0.28-a0-697-g47f3eba078 (webtiles) character file.

Game seed: 2506947093866559812

1516 KoroneIsBestGirl the Frost Mage (level 8, 0/52 HPs)
             Began as a Barachi Ice Elementalist on Oct 23, 2021.
             Was an Initiate of Gozag.
             Slain by a lemure (8 damage)
             ... led by Pikel
             ... on level 6 of the Dungeon.
             The game lasted 00:11:19 (9239 turns).

KoroneIsBestGirl the Frost Mage (BaIE)              Turns: 9239, Time: 00:11:20

Health: 0/52       AC:  5    Str: 11    XL:     8   Next: 83%
Magic:  2/5        EV: 14    Int: 18    God:    Gozag
Gold:   211        SH:  0    Dex: 13    Spells: 13/17 levels left

rFire   x . .      SeeInvis .   t - +4 long sword of Ruady {antimagic, Will+ Str+2}
rCold   + . .      Faith    .   (no shield)
rNeg    . . .      Spirit   .   a - +0 robe
rPois   .          Reflect  .   (no helmet)
rElec   .          Harm     .   e - +2 cloak
rCorr   .          Rampage  .   (no gloves)
Will    +....                   (no boots)
Stlth   ++........              (no amulet)
HPRegen 0.17/turn               h - ring of ice
MPRegen 0.09/turn               (no ring)

@: gold aura, unable to hop, slow
A: amphibious, slowness 1, strong legs 1, +LOS
a: Hop, Renounce Religion, Potion Petition, Call Merchant, Bribe Branch


You were on level 6 of the Dungeon.
You worshipped Gozag.
Gozag was aware of your devotion.
You visited 2 branches of the dungeon, and saw 8 of its levels.

You collected 480 gold pieces.
You spent 170 gold pieces at shops.
You donated 12 gold pieces to Zin.
You paid 87 gold pieces to Gozag.

Inventory:

Hand Weapons
 p - a +1 vampiric dagger
 t - the +4 long sword of Ruady (weapon) {antimagic, Will+ Str+2}
   (You bought it in a shop on level 1 of the Dungeon)

   It reduces the magical energy of the wielder, and disrupts the spells and
   magical abilities of those it strikes.
   Natural abilities and divine invocations are not affected.
   Str:       It affects your strength (+2).
   Will:      It increases your willpower.
Missiles
 x - 2 throwing nets
Armour
 a - a +0 robe (worn)
 e - a +2 cloak (worn)
Jewellery
 h - a ring of ice (left hand)
Wands
 y - a wand of charming (8)
Scrolls
 c - 5 scrolls of immolation
 l - 2 scrolls of enchant armour {unknown}
 o - 2 scrolls of vulnerability
 s - 3 scrolls of amnesia
 u - a scroll of magic mapping {unknown}
 v - a scroll of enchant weapon
 w - a scroll of noise {unknown}
Potions
 b - 2 potions of flight {unknown}
 f - a potion of heal wounds {unknown}
 g - a potion of cancellation {unknown}
 i - 2 potions of berserk rage {unknown}
 j - 4 potions of haste {unknown}
 k - 3 potions of curing {unknown}
 n - a potion of experience {unknown}
 q - a potion of brilliance {unknown}
 r - 2 potions of lignification {unknown}
 z - 2 potions of invisibility {unknown}


   Skills:
 + Level 4.1 Long Blades
 + Level 5.9 Dodging
 - Level 1.7 Stealth
 + Level 5.4 Spellcasting
 * Level 9.8 Ice Magic


You had 13 spell levels left.
You knew the following spells:

 Your Spells              Type           Power      Damage    Failure   Level
a - Freeze                Ice            100%       1d11      1%          1
b - Frozen Ramparts       Ice            100%       1d12      1%          3

Your spell library contained the following spells:

 Spells                   Type           Power      Damage    Failure   Level
 Ozocubu's Armour         Ice            57%        N/A       1%          3
 Hailstorm                Conj/Ice       33%        3d8       17%         4


Dungeon Overview and Level Annotations

Branches:
Dungeon (7/15)             Temple (1/1) D:5

Altars:
Elyvilon
Fedhas
Gozag
Hepliaklqana
Makhleb
Trog
Uskayaw
Wu Jian
Zin

Shops:
D:1 ((   D:5 :![

Annotations:
D:4 2 runed translucent doors, Twinkles's ghost, amateur HuBe
D:7 1 transporter, Pikel


Innate Abilities, Weirdness & Mutations

You are amphibious.
You cover ground slowly.
You can hop short distances.
You have an extended range of vision and can be seen from far away.


Message History

You hear a bark!
You hear a shout!
You hear an angry hiss.
You hear an angry growl.
You hear a shout!
Casting: Freeze (safe; 1% risk of failure)
Confirm with . or Enter, or press ? or * to list all spells.
Aiming: Freeze (safe; 1% risk of failure)
Press: ? - help, Shift-Dir - straight line, f/p - acid dragon
Aim: an acid dragon (almost dead, catching its breath)
You feel a surge of power!
You freeze the acid dragon.
The acid dragon is almost dead.
You hear an angry hiss.
The wall freezes the acid dragon!
You kill the acid dragon!
Your Long Blades skill increases to level 4!
The frozen ramparts melt away as you move.
A gnoll sergeant comes into view. It is wielding a +0 spear.
As you read the scroll of teleportation, it crumbles to dust.
You feel strangely unstable.
A hound comes into view.
Your surroundings suddenly seem different. 4 lemures, Pikel and a skeleton come into view.
Pikel is wielding a +2 whip of freezing.
Found an escape hatch in the floor.
Found a transporter.
The lemure shouts! x3; Pikel shouts!
Okay, then.
Pikel is distracted by your dazzling golden aura.
The lemure hits you.
* * * LOW HITPOINT WARNING * * *
The lemure hits you.
* * * LOW HITPOINT WARNING * * *
The lemure hits you.
* * * LOW HITPOINT WARNING * * *
Found an escape hatch in the ceiling.
The lemure is distracted by your dazzling golden aura.
There is an escape hatch in the ceiling here.
The lemure hits you but does no damage. A mysterious force pulls you upwards.
The hatch slams shut behind you. The lemure closely misses you.
The lemure hits you!
You die...
Your body crumbles into a pile of gold.

.#..........# ##.......##
.#...#...#### ##.......# ##
.##)#)...# ###..#..#####.
.#.......# #..#...##...
.#.....### #.###..#.... ..^....#
#.#.........
#####..###############...........
##.............##.......#...#
##.........@..##...######...
##...........5...#### ####
#................# #
#................##
##.................#
#..................##
#...................#
#..................##
##................##


You could see a lemure.

Vanquished Creatures
  An acid dragon (D:7)
  A water moccasin (D:6)
  2 orc warriors
  An ogre (D:7)
  2 necrophages
  Blork the orc (D:6)
  A bullfrog (D:6)
  A howler monkey (D:6)
  A bullfrog zombie (D:5)
  An orc priest (D:3)
  3 hounds
  2 jellies (D:4)
  A bullfrog skeleton (D:5)
  An iguana (D:5)
  Natasha (thrice) (D:2)
  2 orc wizards
  2 killer bee zombies (D:6)
  A hound zombie (D:5)
  A hound skeleton (D:4)
  2 howler monkey skeletons
  5 adders
  3 gnolls (D:3)
  An ufetubus (D:5)
  2 worms
  4 dart slugs
  10 orcs
  8 ball pythons
  4 endoplasms
  7 giant cockroaches
  5 goblins
  7 hobgoblins
  3 jackals (D:1)
  2 quokkas
  11 bats
  6 frilled lizards
  7 kobolds
  4 rats
119 creatures vanquished.

Vanquished Creatures (others)
  An orc wizard (D:5)
  An endoplasm (D:3)
  13 plants (D:7)
15 creatures vanquished.

Grand Total: 134 creatures vanquished

Notes
Turn   | Place    | Note
-------+----------+-------------------------------------------
     0 | D:1      | KoroneIsBestGirl the Barachi Ice Elementalist began the
                  | quest for the Orb.
     0 | D:1      | Reached XP level 1. HP: 13/13 MP: 3/3
   290 | D:1      | Reached skill level 5 in Ice Magic
   302 | D:1      | Reached XP level 2. HP: 9/19 MP: 0/5
   691 | D:1      | Found a faded altar of an unknown god.
   713 | D:1      | Prayed at the altar of an unknown god.
   713 | D:1      | Became a worshipper of Zin the Law-Giver
   713 | D:1      | Reached * piety under Zin
   720 | D:1      | Found Kiodig's Antique Weapon Shop.
   728 | D:1      | Reached XP level 3. HP: 24/24 MP: 0/6
   742 | D:1      | Learned a level 3 spell: Frozen Ramparts
  1093 | D:1      | Found Kok Rohe's Antique Weapon Emporium.
  1608 | D:2      | Noticed Natasha
  1616 | D:2      | Killed Natasha
  1617 | D:2      | Reached XP level 4. HP: 12/30 MP: 2/8
  2162 | D:2      | Reached ** piety under Zin
  2222 | D:2      | Reached skill level 6 in Ice Magic
  2307 | D:2      | Noticed Natasha
  2313 | D:2      | Killed Natasha
  2314 | D:2      | Reached XP level 5. HP: 35/35 MP: 5/9
  2414 | D:3      | Found a white marble altar of Elyvilon.
  2565 | D:3      | Found a hide-covered altar of Uskayaw.
  2586 | D:3      | Noticed a +0 dagger
  2586 | D:3      | Noticed a +0 hand axe
  3212 | D:3      | Found a hazy altar of Hepliaklqana.
  3266 | D:3      | Found a burning altar of Makhleb.
  3413 | D:4      | Found a large runed translucent door.
  3432 | D:4      | Fell from the grace of Zin
  3470 | D:4      | Found a large runed translucent door.
  3473 | D:4      | Noticed Twinkles's ghost (amateur HuBe)
  3509 | D:4      | Reached XP level 6. HP: 41/41 MP: 8/11
  3725 | D:4      | Noticed a necrophage
  3741 | D:5      | Entered Level 5 of the Dungeon
  4030 | D:5      | Killed a necrophage
  4031 | D:5      | Reached skill level 7 in Ice Magic
  5088 | D:1      | Bought a dazzling long sword for 170 gold pieces
  5088 | D:1      | Identified the +4 long sword of Ruady {antimagic, Will+
                  | Str+2} (You bought it in a shop on level 1 of the Dungeon)
  5125 | D:2      | Noticed Natasha
  5136 | D:2      | Killed Natasha
  5807 | D:5      | Noticed a necrophage
  5807 | D:5      | Found Weog's Distillery.
  5807 | D:5      | Found Ifoybbid's Book Shop.
  5817 | D:4      | Killed a necrophage
  5818 | D:4      | Reached skill level 1 in Long Blades
  5818 | D:4      | Reached XP level 7. HP: 35/46 MP: 1/13
  6204 | D:5      | Reached skill level 8 in Ice Magic
  7153 | D:5      | Found Aficuo Vyeg's Antique Armour Boutique.
  7166 | D:5      | Reached skill level 5 in Dodging
  7403 | D:5      | Found Exzatoc's Distillery.
  7445 | D:5      | Found a staircase to the Ecumenical Temple.
  7453 | Temple   | Entered the Ecumenical Temple
  7516 | Temple   | Became a worshipper of Gozag Ym Sagoz the Greedy
  7672 | D:5      | Identified the +9 dagger "Lukoiz" {drain, *Corrode rElec
                  | Dex+2}
  7786 | D:6      | Reached XP level 8. HP: 52/52 MP: 2/15
  8088 | D:6      | Reached skill level 5 in Spellcasting
  8088 | D:6      | Reached skill level 9 in Ice Magic
  8273 | D:6      | Noticed Blork the orc
  8281 | D:6      | Killed Blork the orc
  9138 | D:7      | Noticed a wraith
  9138 | D:7      | Noticed a manticore
  9220 | D:7      | Found a transporter.
  9220 | D:7      | Noticed Pikel
  9239 | D:6      | Slain by a lemure

Illustrated notes

Levels and vault maps discovered:
D:1:      lemuel_arrival_cross, layout_rooms, hellmonk_ecumenical_altar_blasted,
          serial_shops, nicolae_square_shop, shop, chequers_arboretum
D:2:      layout_rooms, uniq_natasha
D:3:      layout_loops_ring, elyvilon_altar_4, mainiacjoe_overflow_two_lobes,
          dancing_weapons_uskayaw, item_on_display_a
D:4:      layout_basic, ebering_ghost_disaster_area
D:5:      layout_rooms, minmay_temple_entry_mist, serial_shops, shop,
          nicolae_lakefront_shop, shop, nicolae_stop_n_shop_1
D:6:      layout_cave_pods, hangedman_decor_lopped, uniq_blork_the_orc
D:7:      minmay_the_grid_plus_closed [minmay_the_grid_rooms,
          minmay_the_grid_garden, minmay_the_grid_tiny_cups,
          minmay_the_grid_square_x, minmay_the_grid_prize_four_corners],
          layout_rooms, gammafunk_temple_of_torment, serial_shops, shop,
          uniq_pikel
Temple:   regret_index_temple_generic_petals

Skill      XL: |  1  2  3  4  5  6  7  8 |
---------------+-------------------------+-----
Ice Magic      | 5 6 7 8 9 |  9.8
Dodging        | 3 4 5 |  5.9
Spellcasting   | 3 4 5 |  5.4
Long Blades    | 1 2 4 |  4.1
Stealth        | |  1.7

Action                   |  1- 3 |  4- 6 |  7- 9 || total
-------------------------+-------+-------+-------++-------
Melee: Unarmed           |    15 |       |       ||    15
       Dagger            |    13 |    30 |       ||    43
       Long sword        |       |     6 |    51 ||    57
 Cast: Freeze            |    65 |    79 |    37 ||   181
       Frozen Ramparts   |       |     5 |     7 ||    12
Invok: Renounce Religion |       |     1 |       ||     1
 Abil: Hop               |       |     1 |     2 ||     3
  Use: Scroll            |       |     3 |     4 ||     7
 Stab: Sleeping          |       |       |     1 ||     1
       Distracted        |       |       |     1 ||     1
Armor: Robe              |    32 |    37 |    26 ||    95
Dodge: Dodged            |    91 |    73 |    80 ||   244

Table legend: (Time is in decaauts)
 A = Elapsed time spent in this place.
 B = Non-inter-level travel time spent in this place.
 C = Inter-level travel time spent in this place.
 D = Time resting spent in this place.
 E = Time spent auto-exploring this place.
 F = Levels seen in this place.
 G = Mean time per level.
                   A        B        C        D        E       F      G
               +--------+--------+--------+--------+--------+-----+--------+
         Total |  10072 |   9564 |    508 |   2003 |   6419 |   8 | 1259.0 |
       Dungeon |   9966 |   9497 |    469 |   2003 |   6358 |   7 | 1423.7 |
        Temple |    105 |     67 |     38 |      0 |     61 |   1 |  105.0 |
               +--------+--------+--------+--------+--------+-----+--------+

Top non-repeatable levels by time:
     D:4: 2320 daAuts
     D:5: 1613 daAuts
     D:2: 1610 daAuts
     D:1: 1606 daAuts
     D:6: 1374 daAuts
     D:3: 1188 daAuts
     D:7: 252 daAuts
  Temple: 105 daAuts
